 Dungeon Crawl Stone Soup version 0.26-a0-708-g17f3b190f9 (webtiles) character file.

Game seed: 16602077803332564210

135 blackashell the Chopper (level 4, -5/41 HPs)
             Began as a Minotaur Berserker on Oct 28, 2020.
             Was a Believer of Trog.
             Slain by a hobgoblin
             ... wielding a +0 mace
              (6 damage)
             ... on level 3 of the Dungeon.
             The game lasted 00:13:16 (2011 turns).

blackashell the Chopper (Minotaur Berserker)        Turns: 2011, Time: 00:13:17

Health: -5/41      AC:  8    Str: 22    XL:     4   Next: 97%
Magic:  3/3        EV: 10    Int:  4    God:    Trog [**....]
Gold:   92         SH:  0    Dex: 10    Spells: 3/3 levels left

rFire    . . .     SeeInvis +   u - +5 hand axe
rCold    + . .     Faith    .   (no shield)
rNeg     . . .     Spirit   .   w - +0 scale mail (curse)
rPois    .         Reflect  .   (helmet restricted)
rElec    .         Harm     .   (no cloak)
rCorr    .         Rampage  .   p - +0 pair of gloves
MR       .....                  (no boots)
Stlth    ..........             (no amulet)
HPRegen  0.13/turn              h - ring of protection from cold
MPRegen  0.08/turn              j - ring of see invisible

@: lethally poisoned (-5 -> -10), slowed, very slow
A: retaliatory headbutt, horns 2
a: Berserk, Trog's Hand, Renounce Religion


You were on level 3 of the Dungeon.
You worshipped Trog.
Trog was pleased with you.
You visited 1 branch of the dungeon, and saw 3 of its levels.

You collected 92 gold pieces.

Inventory:

Hand Weapons
 a - a +0 hand axe
 g - a +0 dagger
 u - a +5 hand axe (weapon)
Missiles
 e - 21 stones (quivered)
Armour
 b - a +0 animal skin
 p - a +0 pair of gloves (worn)
 s - a +0 leather armour
 t - a +0 ring mail
 v - a +0 scale mail
 w - a cursed +0 scale mail (worn)
 x - a +1 helmet
Jewellery
 h - a ring of protection from cold (left hand)
 j - a ring of see invisible (right hand)
 k - an uncursed ring of magical power {unknown}
Scrolls
 d - 2 scrolls of immolation {unknown}
 f - a scroll of enchant armour {unknown}
 i - a scroll of identify {unknown}
 l - a scroll of amnesia {unknown}
 m - a scroll of teleportation {unknown}
 n - 3 scrolls of remove curse {unknown}
 q - a scroll of fog {unknown}
Potions
 c - a potion of flight
 o - a potion of resistance {unknown}
 r - a potion of brilliance {unknown}


   Skills:
 + Level 4.5 Fighting
 * Level 5.5 Axes
 * Level 3.2 Armour
 + Level 2.4 Dodging
 + Level 0.6 Stealth


You had 3 spell levels left.
You didn't know any spells.
Your spell library was empty.

Dungeon Overview and Level Annotations

Branches:
Dungeon (3/15)

Altars:
Elyvilon


Innate Abilities, Weirdness & Mutations

You reflexively headbutt those who attack you in melee.
You have a pair of horns on your head.


Message History

You are too injured to fight recklessly!
You feel sick.
You feel sick.
The hobgoblin drinks a potion.
The hobgoblin goes berserk!
You are too injured to fight recklessly!
You are too injured to fight recklessly!
You are too injured to fight recklessly!
You hit the hobgoblin. Your headbutt misses the hobgoblin.
The hobgoblin is lightly wounded.
You feel sick. The hobgoblin misses you. You furiously retaliate!
You headbutt the hobgoblin. The hobgoblin hits you with a +0 mace.
* * * LOW HITPOINT WARNING * * *
You hit the hobgoblin but do no damage.
The hobgoblin is heavily wounded.
You feel sick. The hobgoblin hits you with a +0 mace!
* * * LOW HITPOINT WARNING * * *
You hit the hobgoblin but do no damage. Your headbutt misses the hobgoblin.
The hobgoblin is heavily wounded.
* * * LOW HITPOINT WARNING * * *
You feel sick. The hobgoblin hits you with a +0 mace.
You die...

. #.# # #.
#.# . #.#
#.##.
#/.(#...
#..#..#
#..#..###
#.g....#
#####
#>$@...#
#...#
##.....#.#
#...#
#..(..#.#
#...#
#.(...#.#.#
#...#
##..###.#.#
#...#####
#......#.#
#.......#
##.##....#
#.......#
#.......#
###.....#
####...##


You could see a hobgoblin (berserk).

Vanquished Creatures
  An orc wizard (D:3)
  3 adders (D:2)
  A gnoll (D:3)
  An ooze (D:2)
  3 worms (D:2)
  A dart slug (D:1)
  2 leopard geckos (D:2)
  8 orcs (D:3)
  3 giant cockroaches
  6 goblins
  4 hobgoblins
  A quokka (D:2)
  2 bats (D:1)
  2 frilled lizards (D:2)
  5 kobolds
  8 rats
51 creatures vanquished.

Notes
Turn   | Place    | Note
-------+----------+-------------------------------------------
     0 | D:1      | blackashell the Minotaur Berserker began the quest for the
                  | Orb.
     0 | D:1      | Reached XP level 1. HP: 19/19 MP: 0/0
   288 | D:1      | Reached skill level 4 in Axes
   335 | D:1      | Reached XP level 2. HP: 27/27 MP: 1/1
   532 | D:2      | Reached XP level 3. HP: 23/33 MP: 2/2
   684 | D:2      | Found a white marble altar of Elyvilon.
   803 | D:2      | Reached ** piety under Trog
  1058 | D:2      | Reached skill level 5 in Axes
  1101 | D:2      | Reached XP level 4. HP: 41/41 MP: 3/3
  2010 | D:3      | HP: 2/41 [hobgoblin/+0 mace (7)]
  2011 | D:3      | Slain by a hobgoblin

Illustrated notes

Levels and vault maps discovered:
D:1:      psy_arrival_radial02, layout_basic, minmay_misc_feat_alley,
          minmay_misc_feat_diagonals
D:2:      layout_loops_cross, elyvilon_altar_4
D:3:      layout_basic, lemuel_doored_altar, uniq_ijyb, uniq_natasha,
          uniq_sigmund

Skill      XL: |  1  2  3  4 |
---------------+-------------+-----
Axes           | 4 5 |  5.5
Fighting       | 4 |  4.5
Armour         | 3 |  3.2
Dodging        | |  2.4
Stealth        | |  0.6

Action                   |  1- 3 |  4- 6 || total
-------------------------+-------+-------++-------
Melee: Hand axe          |    71 |    47 ||   118
       Headbutt          |     8 |     9 ||    17
Throw: Stone             |     3 |     1 ||     4
  Use: Potion            |       |     1 ||     1
 Stab: Sleeping          |     1 |       ||     1
Armor: Animal skin       |    11 |       ||    11
       Ring mail         |       |     3 ||     3
       Leather armour    |       |     1 ||     1
Dodge: Dodged            |    39 |    20 ||    59

Table legend: (Time is in decaauts)
 A = Elapsed time spent in this place.
 B = Non-inter-level travel time spent in this place.
 C = Inter-level travel time spent in this place.
 D = Time resting spent in this place.
 E = Time spent auto-exploring this place.
 F = Levels seen in this place.
 G = Mean time per level.
                   A        B        C        D        E       F      G
               +--------+--------+--------+--------+--------+-----+--------+
         Total |   2020 |   2013 |      7 |      0 |   1220 |   3 |  673.3 |
       Dungeon |   2020 |   2013 |      7 |      0 |   1220 |   3 |  673.3 |
               +--------+--------+--------+--------+--------+-----+--------+

Top non-repeatable levels by time:
     D:2: 1075 daAuts
     D:1: 515 daAuts
     D:3: 430 daAuts
